 Dungeon Crawl Stone Soup version 0.31-a0-155-gb63f529262 (webtiles) character file.

Game seed: 18025485729253849827

427 Ijustatesigmund the Stinger (level 6, -2/39 HPs)
             Began as an Octopode Venom Mage on June 12, 2023.
             Slain by Duvessa
             ... wielding a +0 short sword
              (9 damage)
             ... on level 5 of the Dungeon.
             The game lasted 00:08:32 (4891 turns).

Ijustatesigmund the Stinger (Octopode Venom Mage)   Turns: 4891, Time: 00:08:33

Health: -2/39      AC:  5    Str: 13    XL:     6   Next: 97%
Magic:  11/11      EV: 13    Int: 20    God:
Gold:   171        SH:  0    Dex: 12    Spells: 2/12 levels left

rFire   . . .        e - +0 spear
rCold   . . .        (no shield)
rNeg    . . .        (helmet restricted)
rPois   +            (no amulet)
rElec   .            b - ring of flight
rCorr   .            c - +4 ring of protection
SInv    .            j - ring of poison resistance
Will    .....        p - +6 ring of strength
Stlth   +++          (no ring)
HPRegen 0.26/turn    (no ring)
MPRegen 0.12/turn    (no ring)
                     (no ring)

%: no passive effects
@: attractive, flying, very slightly contaminated
A: almost no armour, amphibious, 8 rings, camouflage 1, gelatinous body 1,
(nimble swimmer 1), tentacles
a: no special abilities


You were on level 5 of the Dungeon.
You visited 1 branch of the dungeon, and saw 5 of its levels.

You collected 171 gold pieces.

Inventory:

Hand Weapons
 e - a +0 spear (weapon)
Armour
 f - an orb of energy
Jewellery
 b - a ring of flight (left tentacle)
 c - a +4 ring of protection (right tentacle)
 j - a ring of poison resistance (on tentacle)
 m - an amulet of guardian spirit
 p - a +6 ring of strength (on tentacle)
Scrolls
 g - a scroll of magic mapping
 k - a scroll of amnesia
 o - 2 scrolls of teleportation
Potions
 a - a potion of magic
 h - a potion of degeneration {unknown}
 i - a potion of mutation {unknown}
 l - a potion of attraction
 n - a potion of invisibility {unknown}


   Skills:
 - Level 1.7 Fighting
 + Level 0.3 Polearms
 - Level 2.0 Dodging
 - Level 2.6 Stealth
 + Level 3.7 Spellcasting
 + Level 2.4 Conjurations
 - Level 1.0 Transmutations
 + Level 3.0 Air Magic
 + Level 5.5 Poison Magic


You had 2 spell levels left.
You knew the following spells:

 Your Spells              Type           Power      Damage    Failure   Level
a - Sting                 Tmut/Pois      64%        1d6       3%          1
b - Poisonous Vapours     Pois/Air       40%        N/A       3%          2
c - Mephitic Cloud        Conj/Pois/Air  18%        N/A       9%          3
d - Olgreb's Toxic Radia  Pois           25%        N/A       14%         4

Your spell library contained the following spells:

 Spells                   Type           Power      Damage    Failure   Level
 Sandblast                Erth           6%         2d5       13%         1
 Passwall                 Tmut/Erth      4%         N/A       16%         2
 Stone Arrow              Conj/Erth      16%        3d8       24%         3


Dungeon Overview and Level Annotations

Branches:
Dungeon (5/15)
 Temple: D:4-7

Altars:

Annotations:
D:5 Dowan, Duvessa


Innate Abilities, Weirdness & Mutations

You cannot wear most types of armour.
You are amphibious.
You can wear up to eight rings at the same time.
Your skin changes colour to match your surroundings (Stealth+).
Your rubbery body absorbs attacks. (AC +1, EV +1)
((You are camouflaged when in or above water. (Stealth+)))
You have tentacles for arms and can constrict up to eight enemies at once.


Message History

Dowan looks even sicker.
Your toxic aura wanes.
You constrict the hound, but do no damage.
You feel sick. The hound barely misses you. Duvessa misses you.
Dowan completely misses you. The hound barely misses you.
You hit the hound. You squeeze the hound!
The hound is severely wounded.
You constrict the hound.
You feel sick.
You are no longer poisoned.
Duvessa misses you.
Dowan casts a spell at Duvessa.
Duvessa seems to speed up.
The hound barely misses you.
You hit the hound but do no damage.
The hound is severely wounded.
You constrict the hound. Duvessa hits you with a +0 short sword!
The hound bites you but does no damage. Dowan hits you with a +0 dagger.
The hound bites you. Duvessa barely misses you. Dowan barely misses you.
Unknown command.
You hit the hound.
You kill the hound!
Duvessa hits you with a +0 short sword! Duvessa hits you but does no damage.
Dowan barely misses you.
Your Air Magic skill increases to level 3!
Unknown command.
You feel better. Duvessa hits you with a +0 short sword.
Dowan mumbles some strange words.
Dowan blinks!
Magic courses through your body. Duvessa barely misses you.
Duvessa hits you with a +0 short sword!
* * * LOW HITPOINT WARNING * * *
Dowan gestures at you while chanting. You resist with some effort.
It was a potion of attraction.
You feel attractive to monsters. Duvessa hits you with a +0 short sword!
* * * LOW HITPOINT WARNING * * *
Dowan zaps a wand.
You resist with some effort. Dowan is attracted toward you.
Okay, then.
You feel better. Duvessa hits you with a +0 short sword!
You die...

.# # .# # #.
##.## .
#.#.###...## ..
...........#...
#............
#.###....>.###.
#.....e@†......
#####.....e#.#.
#.#...#....
#.####...§# .
... # ## ...#
.## ##


You could see Duvessa (fast, poisoned) and Dowan (poisoned).

Vanquished Creatures
  2 phantoms (D:4)
  A hound (D:5)
  An orc priest (D:4)
  Jessica (D:3)
  A sleepcap (D:4)
  2 iguanas (D:4)
  5 adders
  2 worms (D:2)
  4 orcs
  2 ball pythons
  4 endoplasms
  5 giant cockroaches
  2 hobgoblins
  4 jackals
  4 quokkas
  4 bats
  3 frilled lizards
  8 goblins
  6 kobolds
  6 rats
67 creatures vanquished.

Notes
Turn   | Place    | Note
-------+----------+-------------------------------------------
     0 | D:1      | Ijustatesigmund the Octopode Venom Mage began the quest for
                  | the Orb.
     0 | D:1      | Reached XP level 1. HP: 11/11 MP: 3/3
   295 | D:1      | Reached XP level 2. HP: 18/18 MP: 1/5
   298 | D:1      | Learned a level 2 spell: Poisonous Vapours
   542 | D:1      | Found a faded altar of an unknown god.
   658 | D:1      | Reached skill level 1 in Fighting
   836 | D:1      | Reached skill level 4 in Poison Magic
  1275 | D:2      | Reached XP level 3. HP: 19/23 MP: 3/6
  1329 | D:2      | Reached skill level 1 in Air Magic
  2253 | D:3      | Reached XP level 4. HP: 29/29 MP: 2/7
  2329 | D:3      | Learned a level 3 spell: Mephitic Cloud
  2932 | D:3      | Noticed Jessica
  2937 | D:3      | Killed Jessica
  3507 | D:4      | Noticed a phantom
  3521 | D:4      | Reached skill level 1 in Conjurations
  3521 | D:4      | Reached XP level 5. HP: 34/34 MP: 3/9
  4358 | D:5      | Entered Level 5 of the Dungeon
  4358 | D:5      | Noticed Duvessa
  4358 | D:5      | Noticed Dowan
  4427 | D:4      | Killed a phantom
  4428 | D:4      | Reached skill level 5 in Poison Magic
  4428 | D:4      | Reached XP level 6. HP: 30/39 MP: 9/11
  4464 | D:4      | Learned a level 4 spell: Olgreb's Toxic Radiance
  4891 | D:5      | Slain by Duvessa

Illustrated notes

Levels and vault maps discovered:
D:1:      minmay_arrival_four_circles, layout_loops_corners,
          basic_ecumenical_altar, minmay_octomino_c4
D:2:      layout_basic
D:3:      layout_basic, nrook_mini_backslash, nrook_mini_vaults,
          skrybe_limestone_x, uniq_jessica
D:4:      kennysheep_big_flooded_room, layout_rooms, serial_bayou,
          serial_bayou_ford_a, serial_bayou_crossing, serial_bayou_lagoon_a,
          serial_bayou_shore_b, minmay_ruptured
D:5:      layout_loops_ring, uniq_sigmund, uniq_grinder, uniq_duvessa,
          uniq_crazy_yiuf_cottage

Skill      XL: |  1  2  3  4  5  6 |
---------------+-------------------+-----
Fighting       | 1 |  1.7
Poison Magic   | 4 5 |  5.5
Air Magic      | 1 2 3 |  3.0
Conjurations   | 1 2 |  2.4
Spellcasting   | 3 |  3.7
Polearms       | |  0.3
Dodging        | |  2.0
Stealth        | |  2.6
Transmutations | |  1.0

Action                     |  1- 3 |  4- 6 || total
---------------------------+-------+-------++-------
  Melee: Unarmed           |     3 |       ||     3
         Constrict         |    13 |    15 ||    28
         Spear             |    67 |   118 ||   185
         Tentacles         |     2 |    16 ||    18
   Cast: Sting             |    18 |     6 ||    24
         Poisonous Vapours |    13 |    22 ||    35
         Mephitic Cloud    |       |     1 ||     1
         Olgreb's Toxic Ra |       |     2 ||     2
    Use: Scroll            |     2 |     4 ||     6
         Potion            |       |     5 ||     5
   Stab: Sleeping          |     2 |     3 ||     5
 Armour: Skin              |    16 |    24 ||    40
  Dodge: Dodged            |    31 |    61 ||    92

Table legend: (Time is in decaauts)
 A = Elapsed time spent in this place.
 B = Non-inter-level travel time spent in this place.
 C = Inter-level travel time spent in this place.
 D = Time resting spent in this place.
 E = Time spent auto-exploring this place.
 F = Levels seen in this place.
 G = Mean time per level.
                   A        B        C        D        E       F      G
               +--------+--------+--------+--------+--------+-----+--------+
         Total |   4908 |   4763 |    145 |    810 |   3375 |   5 |  981.6 |
       Dungeon |   4908 |   4763 |    145 |    810 |   3375 |   5 |  981.6 |
               +--------+--------+--------+--------+--------+-----+--------+

Top non-repeatable levels by time:
     D:3: 1404 daAuts
     D:4: 1239 daAuts
     D:1: 1136 daAuts
     D:2: 1111 daAuts
     D:5: 15 daAuts
